 Dungeon Crawl Stone Soup version 0.31-a0-1002-g8e65716e6e (webtiles) character file.

Game seed: 7583048355869598171

4946 Colgate the Grappler (level 10, 0/92 HPs)
             Began as a Troll Shapeshifter on Nov 10, 2023.
             Was a Believer of Uskayaw.
             Shot with an arrow by a centaur (3 damage)
             ... on level 8 of the Dungeon.
             The game lasted 00:43:05 (7702 turns).

Colgate the Grappler (Troll Shapeshifter)           Turns: 7702, Time: 00:43:06

Health: 0/92       AC:  7    Str: 28    XL:     10   Next: 28%
Magic:  0/18       EV:  9    Int:  6    God:    Uskayaw [**....]
Gold:   356        SH:  0    Dex:  9    Spells: 9/9 levels left

rFire   . .          .
                       - Unarmed
rCold   . . .        (shield currently unavailable)
rNeg    . . .        D - +0 steam dragon scales
rPois   .            (helmet restricted)
rElec   .            (no cloak)
rCorr   .            (gloves unavailable)
SInv    .            (boots unavailable)
Will    +....        m - amulet of guardian spirit
Stlth   +            x - ring of magical power
HPRegen 1.15/turn    B - ring of willpower
MPRegen 0.16/turn

%: guardian spirit
@: flux-form, glowing
A: glow, contaminating, large, unfitting armour, claws 3, regeneration 1, shaggy
fur 1, tough skin 1
a: Begin Untransformation, Renounce Religion, Stomp, Line Pass


You were on level 8 of the Dungeon.
You worshipped Uskayaw.
Uskayaw was noncommittal.
You were something dangerously unstable.
You visited 2 branches of the dungeon, and saw 9 of its levels.
You also visited: Sewer.

You collected 356 gold pieces.

Inventory:

Hand Weapons
 E - the +5 rapier "ETAOIN SHRDLU" {vamp, Str+3}
   (You found it on level 7 of the Dungeon)

   Str+3:     It affects your strength (+3).
Armour
 a - a +0 animal skin
 D - +0 steam dragon scales (worn)
Magical Staves
 A - the staff of Issuv {Fragile Int+5 Conj Poison}
   (You found it on level 4 of the Dungeon)

   [staff of conjuration]

   Base accuracy: +5 Base damage: 5 Base attack delay: 1.2 This weapon's minimum
   attack delay (0.6) is reached at skill level 12.
   Int+5:     It affects your intelligence (+5).
   Fragile:   It will be destroyed if unequipped.
   Conj:      It increases the power of your Conjurations spells.
   Poison:    It increases the power of your Poison spells.
   It falls into the 'Staves' category.
   It is a one-clawed weapon.
Jewellery
 k - an amulet of faith
 m - an amulet of guardian spirit (around neck)
 x - a ring of magical power (left claw)
 B - a ring of willpower (right claw)
Talismans
 c - a beast talisman
 d - a flux talisman (active)
Wands
 y - a wand of flame (23)
Scrolls
 e - a scroll of amnesia {unknown}
 l - 4 scrolls of noise
 n - a scroll of torment {unknown}
 o - 6 scrolls of teleportation {@r3}
 r - 2 scrolls of blinking {unknown}
 v - 2 scrolls of silence
 z - 2 scrolls of enchant armour
Potions
 b - 4 potions of lignification
 f - 3 potions of curing {@q1}
 g - a potion of berserk rage {unknown}
 h - 2 potions of enlightenment
 i - 2 potions of haste {@q4}
 j - a potion of degeneration
 p - a potion of brilliance {unknown}
 q - 2 potions of heal wounds {@q2}
 s - 3 potions of invisibility {unknown}
 t - a potion of resistance {unknown}
 u - a potion of attraction {unknown}
 w - 3 potions of mutation
 C - a potion of might {unknown}


   Skills:
 - Level 3.9 Fighting
 - Level 1.5 Dodging
 + Level 1.1 Stealth
 - Level 10.1 Unarmed Combat
 - Level 1.3 Invocations
 - Level 10.1 Shapeshifting


You had 9 spell levels left.
You didn't know any spells.
Your spell library contained the following spells:

 Spells                   Type           Power      Damage    Failure   Level
 Shock                    Conj/Air       0%         1d3       45%         1
 Scorch                   Fire           0%         2d5       58%         2
 Dazzling Flash           Conj/Hex       0%         N/A       83%         3
 Hailstorm                Conj/Ice       0%         3d3       83%         3
 Flame Wave               Conj/Fire      0%         2d4       99%         4
 Summon Ice Beast         Ice/Summ       0%         N/A       99%         4
 Simulacrum               Ice/Necr       0%         N/A       100%        6
 Summon Cactus Giant      Summ           0%         N/A       100%        6
 Enfeeble                 Hex            0%         N/A       100%        7


Dungeon Overview and Level Annotations

Branches:
Dungeon (8/15)             Temple (1/1) D:5           Sewer (visited)
   Lair: D:8-11

Altars:
Ashenzari
Cheibriados
Dithmenos
Elyvilon
Fedhas
Gozag
Hepliaklqana
Kikubaaqudgha
Makhleb
Nemelex Xobeh
Qazlal
Ru
Sif Muna
Trog
Uskayaw
Xom
Yredelemnul
Zin
The Shining One

Shops:
D:6 =


Innate Abilities, Weirdness & Mutations

You are something dangerously unstable.
You glow with magical radiation, making you easy to see and hit.
Foes you strike become dangerously contaminated with magical radiation.
You are incapable of wielding weapons or throwing items.
You are too large for most types of armour.
You have claws for hands.
Your natural rate of healing is unusually fast.
You are covered in fur. (AC +1)
You have tough skin. (AC +1)


Message History

* * * LOW HITPOINT WARNING * * *
The killer bee barely misses you.
You scratch the killer bee.
The killer bee glows dangerously bright.
The killer bee stings you.
* * * LOW HITPOINT WARNING * * *
You can now pass through a line of other dancers.
You closely miss the killer bee. The killer bee closely misses you.
The gnoll sergeant hits you from afar with a +1 heavy spear!
* * * LOW HITPOINT WARNING * * *
The killer bee barely misses you.
You claw the killer bee!
You kill the killer bee!
The centaur wields a +0 shortbow.
The centaur shoots an arrow.
The arrow hits you.
* * * LOW HITPOINT WARNING * * *
The gnoll sergeant completely misses you.
Okay, then.
You feel much better. The gnoll hits you but does no damage.
The centaur shoots an arrow.
The arrow hits you!
The centaur shoots an arrow.
The arrow hits you.
* * * LOW HITPOINT WARNING * * *
You scratch the gnoll.
The gnoll begins to glow.
The centaur shoots an arrow.
The arrow hits you.
* * * LOW HITPOINT WARNING * * *
The gnoll sergeant hits you from afar with a +1 heavy spear.
* * * LOW HITPOINT WARNING * * *
The gnoll closely misses you.
The centaur shoots an arrow.
The arrow hits you.
* * * LOW HITPOINT WARNING * * *
The centaur shoots an arrow.
The arrow hits you!
* * * LOW HITPOINT WARNING * * *
The gnoll completely misses you.
A kobold comes into view. It is wielding a +0 short sword.
The gnoll sergeant hits you with a +1 heavy spear!
* * * LOW HITPOINT WARNING * * *
The centaur shoots an arrow.
The arrow barely misses you. The gnoll hits you but does no damage.
The centaur shoots an arrow.
The arrow hits you.
You die...

.# #.# #...... ....###.######
#....... #...........
#.......## #####.####..
#.......# #####.# #..
##.....#.# #.....####..
#........# ##.######....
#.(......###..##........
.........K.###........(..†÷....
c...# #......###(####### ...
#.....## #.# ###


You could see a gnoll sergeant, a centaur and a gnoll (contam).

Vanquished Creatures
  Prince Ribbit (D:6)
  2 wyverns
  6 yaks (D:8)
  2 steam dragons (D:8)
  Edmund (D:6)
  3 water moccasins
  3 sky beasts
  3 ice beasts
  An orc warrior (D:6)
  4 black bears
  A phantom (D:5)
  Blork the orc (D:6)
  3 bullfrogs
  3 scorpions
  8 killer bees
  A howler monkey (D:5)
  3 jellies
  A gnoll bouda (D:7)
  2 orc priests (D:4)
  4 hounds
  A sleepcap (D:6)
  6 iguanas
  8 orc wizards
  Robin (D:2)
  4 gnolls
  7 adders
  A shadow imp (D:6)
  A white imp (D:4)
  2 ufetubi (D:7)
  2 worms (D:3)
  A dart slug (D:2)
  26 orcs
  5 endoplasms
  7 giant cockroaches
  14 hobgoblins
  7 jackals
  4 quokkas
  9 ball pythons
  12 bats
  4 frilled lizards
  20 goblins
  23 kobolds
  8 rats
226 creatures vanquished.

Notes
Turn   | Place    | Note
-------+----------+-------------------------------------------
     0 | D:1      | Colgate the Troll Shapeshifter began the quest for the Orb.
     0 | D:1      | Reached XP level 1. HP: 18/18 MP: 0/0
    93 | D:1      | Reached XP level 2. HP: 17/26 MP: 1/1
   354 | D:1      | Reached XP level 3. HP: 27/32 MP: 2/2
   710 | D:2      | Identified the of Madumuta
   997 | D:2      | Noticed Robin
  1017 | D:2      | Reached XP level 4. HP: 40/40 MP: 3/3
  1059 | D:2      | Reached skill level 5 in Unarmed Combat
  1427 | D:2      | Killed Robin
  1603 | D:3      | Identified the +8 chain mail of the Comet {-Cast rElec
                  | rCorr Dex-2}
  1620 | D:3      | Noticed a +0 dagger
  1621 | D:3      | Noticed a +0 hand axe
  1624 | D:3      | Found a hide-covered altar of Uskayaw.
  1646 | D:3      | Became a worshipper of Uskayaw the Reveller
  1678 | D:3      | Reached * piety under Uskayaw
  1813 | D:3      | Reached ** piety under Uskayaw
  2080 | D:3      | Found a glowing drain.
  2095 | D:3      | Reached XP level 5. HP: 30/46 MP: 4/4
  2096 | Sewer    | Entered a sewer
  2384 | Sewer    | Reached *** piety under Uskayaw
  2945 | D:4      | Reached XP level 6. HP: 54/54 MP: 5/5
  3205 | D:4      | Found a large runed translucent door.
  3205 | D:4      | Found a large runed translucent door.
  3222 | D:4      | Noticed a sky beast
  3229 | D:4      | Found a large runed translucent door.
  3229 | D:4      | Found a large runed translucent door.
  3396 | D:4      | Reached skill level 5 in Shapeshifting
  3793 | D:4      | Reached XP level 7. HP: 21/61 MP: 2/6
  3895 | D:4      | Identified the staff of Issuv {Fragile Int+5 Conj Poison}
  4140 | D:5      | Entered Level 5 of the Dungeon
  4140 | D:5      | Found a staircase to the Ecumenical Temple.
  4148 | Temple   | Entered the Ecumenical Temple
  4353 | D:4      | Reached skill level 1 in Invocations
  4471 | D:5      | Reached skill level 1 in Fighting
  4595 | D:5      | Reached XP level 8. HP: 61/70 MP: 7/7
  5149 | D:6      | Reached **** piety under Uskayaw
  5187 | D:6      | Noticed Blork the orc
  5196 | D:6      | Killed Blork the orc
  5272 | D:6      | Noticed Prince Ribbit
  5284 | D:6      | Killed Prince Ribbit
  5380 | D:6      | Found a hazy altar of Hepliaklqana.
  5529 | D:6      | Found a bloodstained altar of Trog.
  5541 | D:6      | Reached XP level 9. HP: 76/84 MP: 8/8
  5587 | D:6      | Noticed Edmund
  5597 | D:6      | Killed Edmund
  5818 | D:6      | Found Futuz's Jewellery Boutique.
  5920 | D:7      | Found an ancient bone altar of Kikubaaqudgha.
  6191 | D:7      | Found a sparkling altar of Nemelex Xobeh.
  6303 | D:7      | Reached skill level 10 in Unarmed Combat
  6443 | D:7      | Identified the +5 rapier "ETAOIN SHRDLU" {vamp, Str+3}
  6951 | D:7      | Found a basalt altar of Yredelemnul.
  7265 | D:7      | Found a burning altar of Makhleb.
  7382 | D:8      | Reached ***** piety under Uskayaw
  7400 | D:8      | Reached XP level 10. HP: 56/92 MP: 7/9
  7526 | D:8      | Reached skill level 10 in Shapeshifting
  7691 | D:8      | Reached skill level 1 in Stealth
  7700 | D:8      | HP: 1/92 [gnoll sergeant/+1 heavy spear (8)]
  7702 | D:8      | Shot with an arrow by a centaur

Illustrated notes

Levels and vault maps discovered:
D:1:      dpeg_arrival_snail, layout_loops_ring, hangedman_decor_opposing
D:2:      layout_rooms, uniq_robin
D:3:      layout_rooms, dancing_weapons_uskayaw, cheibrodos_sewer_entry_bend,
          minmay_goblin_outpost
D:4:      minmay_chambers_of_twos, layout_gridville, skrybe_limestone_x,
          minmay_hollow_rounded_squares
D:5:      layout_rooms, minmay_temple_entry_gardened_gates,
          minmay_misc_feat_room, minmay_misc_feat_tiny
D:6:      layout_cave_pools, mainiacjoe_overflow_boulevard, trog_butcher_becter,
          serial_shops, nicolae_shop_hallway_stairs, grunt_decor_junction,
          uniq_prince_ribbit1, uniq_blork_the_orc, uniq_edmund
D:7:      layout_basic, mainiacjoe_overflow_alcove_4, kiku_gazebo_pond_becter,
          minitemple
D:8:      layout_rooms, minmay_tree_intersection, uniq_maurice
Temple:   nicolae_temple_slightly_damp_pantheon

Skill      XL: |  1  2  3  4  5  6  7  8  9 10 |
---------------+-------------------------------+-----
Unarmed Combat | 4 5 6 8 10 | 10.1
Shapeshifting  | 4 5 7 9 10 | 10.1
Invocations    | 1 |  1.3
Fighting       | 1 3 |  3.9
Stealth        | 1 |  1.1
Dodging        | |  1.5

Action                     |  1- 3 |  4- 6 |  7- 9 | 10-12 || total
---------------------------+-------+-------+-------+-------++-------
  Melee: Unarmed           |   121 |   204 |   284 |    51 ||   660
         Punch             |     4 |     7 |       |       ||    11
 Invoke: Stomp             |       |     3 |     7 |       ||    10
         Line Pass         |       |       |     2 |     2 ||     4
    Use: Scroll            |       |     6 |     4 |       ||    10
         Potion            |       |       |       |     1 ||     1
   Stab: Sleeping          |     1 |       |       |       ||     1
         Paralysed         |       |     1 |     8 |     1 ||    10
         Distracted        |       |       |     1 |       ||     1
         Confused          |       |       |     1 |     1 ||     2
 Armour: Animal skin       |    78 |   190 |   186 |       ||   454
         Skin              |       |       |     4 |       ||     4
         Steam dragon scal |       |       |       |    48 ||    48
  Dodge: Dodged            |    60 |   105 |   122 |    29 ||   316
   Form: Flux              |       |       |     1 |       ||     1

Table legend: (Time is in decaauts)
 A = Elapsed time spent in this place.
 B = Non-inter-level travel time spent in this place.
 C = Inter-level travel time spent in this place.
 D = Time resting spent in this place.
 E = Time spent auto-exploring this place.
 F = Levels seen in this place.
 G = Mean time per level.
                   A        B        C        D        E       F      G
               +--------+--------+--------+--------+--------+-----+--------+
         Total |   7614 |   7179 |    435 |     74 |   5606 |  10 |  761.4 |
       Dungeon |   7314 |   6879 |    435 |     74 |   5399 |   8 |  914.2 |
        Temple |      1 |      1 |      0 |      0 |      0 |   1 |    1.0 |
         Sewer |    297 |    297 |      0 |      0 |    207 |   1 |  297.0 |
               +--------+--------+--------+--------+--------+-----+--------+

Top non-repeatable levels by time:
     D:4: 1845 daAuts
     D:7: 1372 daAuts
     D:6: 859 daAuts
     D:2: 847 daAuts
     D:1: 782 daAuts
     D:5: 632 daAuts
     D:3: 588 daAuts
     D:8: 386 daAuts
   Sewer: 297 daAuts
  Temple: 1 daAuts
